 Dungeon Crawl Stone Soup version 0.27-a0-1105-g946c659c87 (webtiles) character file.

Game seed: 16283217715459280316

126 kae the Shield-Bearer (level 5, -1/42 HPs)
             Began as a Formicid Fighter on Apr 29, 2021.
             Was an Initiate of Makhleb.
             Succumbed to a scorpion's poison
             ... on level 4 of the Dungeon.
             The game lasted 00:01:19 (3005 turns).

kae the Shield-Bearer (Formicid Fighter)            Turns: 3005, Time: 00:01:19

Health: -1/42      AC:  8    Str: 21    XL:     5   Next: 32%
Magic:  5/5        EV:  8    Int:  8    God:    Makhleb [......]
Gold:   168        SH:  9    Dex: 10    Spells: 4/4 levels left

rFire    . . .     SeeInvis +   a - +0 long sword
rCold    . . .     Faith    .   c - +0 kite shield
rNeg     + . .     Spirit   .   b - +0 scale mail
rPois    .         Reflect  .   (helmet unavailable)
rElec    .         Harm     .   (no cloak)
rCorr    .         Rampage  .   (no gloves)
Will     .....                  g - +0 pair of boots
Stlth    ..........             (no amulet)
HPRegen  0.14/turn              e - ring of positive energy
MPRegen  0.09/turn              (no ring)

@: lethally poisoned (-1 -> -12)
A: permanent stasis, dig shafts and tunnels, antennae 3, four strong arms
a: Dig, Shaft Self, Renounce Religion


You were on level 4 of the Dungeon.
You worshipped Makhleb.
Makhleb was noncommittal.
You visited 1 branch of the dungeon, and saw 4 of its levels.

You collected 168 gold pieces.

Inventory:

Hand Weapons
 a - a +0 long sword (weapon)
Armour
 b - a +0 scale mail (worn)
 c - a +0 kite shield (worn)
 g - a +0 pair of boots (worn)
Jewellery
 e - a ring of positive energy (left hand)
Scrolls
 i - a scroll of fear
 k - 2 scrolls of amnesia
Potions
 d - a potion of might
 f - 2 potions of lignification
 j - 2 potions of heal wounds
 l - a potion of cancellation


   Skills:
 + Level 4.0 Fighting
 * Level 3.5 Long Blades
 + Level 4.0 Armour
 + Level 4.4 Shields
 + Level 0.7 Invocations


You had 4 spell levels left.
You didn't know any spells.
Your spell library was empty.

Dungeon Overview and Level Annotations

Branches:
Dungeon (4/15)
 Temple: D:4-7

Altars:
Makhleb
Zin

Shops:
D:1 [


Innate Abilities, Weirdness & Mutations

You cannot be hasted, slowed, berserked, paralysed or teleported.
You can dig through walls and to a lower floor.
You have a pair of large antennae on your head. (SInv)
Your four strong arms can wield two-handed weapons with a shield.


Message History

The scorpion is lightly wounded.
You feel sick. The scorpion barely misses you.
You riposte.
You closely miss the scorpion.
The scorpion is lightly wounded.
The scorpion stings you.
You hit the scorpion.
The scorpion is moderately wounded.
You feel sick.
You are no longer poisoned.
You block the scorpion's attack. x2
You hit the scorpion but do no damage.
The scorpion is lightly wounded.
The scorpion stings you.
You are poisoned.
The scorpion poisons you! You block the scorpion's attack.
You are too injured to fight recklessly!
You are too injured to fight recklessly!
You barely miss the scorpion.
The scorpion is lightly wounded.
You feel very sick. The scorpion stings you.
You are lethally poisoned!
The scorpion poisons you!
You closely miss the scorpion.
The scorpion is lightly wounded.
* * * LOW HITPOINT WARNING * * *
You feel very sick.
The scorpion stings you but does no damage.
You block the scorpion's attack.
You slash the scorpion!
The scorpion is heavily wounded.
* * * LOW HITPOINT WARNING * * *
You feel very sick.
The scorpion stings you but does no damage.
The scorpion stings you.
* * * LOW HITPOINT WARNING * * *
You slash the scorpion!
You kill the scorpion!
Makhleb accepts your kill.
You die...

#########
..####..†....#
P.....†@#
...###..# #..#
#..# #..# #...
#.## $.


There were no monsters in sight!

Vanquished Creatures
  A scorpion (D:4)
  Jessica (D:2)
  An iguana (D:3)
  3 worms
  2 dart slugs
  5 orcs (D:3)
  6 ball pythons
  3 bats
  3 endoplasms (D:2)
  4 giant cockroaches
  3 goblins
  5 hobgoblins
  5 jackals
  3 kobolds
  3 quokkas
  5 frilled lizards
  3 rats
56 creatures vanquished.

Notes
Turn   | Place    | Note
-------+----------+-------------------------------------------
     0 | D:1      | kae the Formicid Fighter began the quest for the Orb.
     0 | D:1      | Reached XP level 1. HP: 18/18 MP: 1/1
    58 | D:1      | Found Xitemena's Armour Shoppe.
   270 | D:1      | Reached XP level 2. HP: 24/24 MP: 2/2
   948 | D:2      | Reached XP level 3. HP: 29/29 MP: 3/3
  1001 | D:2      | Noticed Jessica
  1007 | D:2      | Killed Jessica
  1008 | D:2      | Reached XP level 4. HP: 29/37 MP: 4/4
  2299 | D:3      | Found a glowing silver altar of Zin.
  2300 | D:3      | Found a burning altar of Makhleb.
  2333 | D:3      | Became a worshipper of Makhleb the Destroyer
  2808 | D:3      | Reached XP level 5. HP: 39/42 MP: 5/5
  3004 | D:4      | HP: 2/42 [scorpion (3)]
  3005 | D:4      | Succumbed to a scorpion's poison

Illustrated notes

Levels and vault maps discovered:
D:1:      dpeg_arrival_tiny_h, layout_loops_corners, serial_shops, shop
D:2:      layout_loops_ring, serial_aquarium, aquarium_bridge_long_joined
          [aquarium_subvault_bridge, aquarium_subvault_bridge,
          aquarium_subvault_bridge, aquarium_subvault_window,
          aquarium_subvault_window, aquarium_subvault_bridge],
          aquarium_bridge_straight [aquarium_subvault_bridge,
          aquarium_subvault_window, aquarium_subvault_bridge,
          aquarium_subvault_window], aquarium_window_fake, aquarium_window_fake,
          aquarium_view_2g, aquarium_view_2e, aquarium_pool_2, minmay_tripent,
          uniq_jessica
D:3:      layout_loops_ring, lemuel_crystal_altar, bloody_makhleb
D:4:      layout_basic, minmay_temple_entry_arrows, serial_shops,
          nicolae_shop_trees, guppyfry_early_lair_pool

Skill      XL: |  1  2  3  4  5 |
---------------+----------------+-----
Shields        | 4 |  4.4
Long Blades    | 3 |  3.5
Fighting       | 4 |  4.0
Armour         | 4 |  4.0
Invocations    | |  0.7

Action                   |  1- 3 |  4- 6 || total
-------------------------+-------+-------++-------
Melee: Long sword        |    65 |   126 ||   191
  Use: Scroll            |       |     8 ||     8
Armor: Scale mail        |    38 |    50 ||    88
Dodge: Dodged            |    26 |    42 ||    68
Block: Kite shield       |    28 |    65 ||    93
       Rpst.: Long sword |     8 |    12 ||    20

Table legend: (Time is in decaauts)
 A = Elapsed time spent in this place.
 B = Non-inter-level travel time spent in this place.
 C = Inter-level travel time spent in this place.
 D = Time resting spent in this place.
 E = Time spent auto-exploring this place.
 F = Levels seen in this place.
 G = Mean time per level.
                   A        B        C        D        E       F      G
               +--------+--------+--------+--------+--------+-----+--------+
         Total |   3085 |   2926 |    159 |    155 |   2320 |   4 |  771.2 |
       Dungeon |   3085 |   2926 |    159 |    155 |   2320 |   4 |  771.2 |
               +--------+--------+--------+--------+--------+-----+--------+

Top non-repeatable levels by time:
     D:2: 1107 daAuts
     D:3: 990 daAuts
     D:1: 962 daAuts
     D:4: 24 daAuts
